 Dungeon Sprint DCSS version 0.21-a0-346-g330ab2c (webtiles) character file.

5422 Kidiri the Fighter (level 10, -11/156 HPs)
             Began as a Red Draconian Berserker on Oct 5, 2017.
             Was a High Priest of Trog.
             Mangled by a harpy (13 damage)
             ... in the Dungeon (Sprint VII: "The Pits").
             The game lasted 00:08:30 (1074 turns).

Kidiri the Fighter (Red Draconian Berserker)        Turns: 1074, Time: 00:08:30

Health: -11/156    AC:  7    Str: 30    XL:     10   Next: 40%
Magic:  10/10      EV: 18    Int: 11    God:    Trog [*****.]
Gold:   0          SH:  0    Dex: 11    Spells: 9/9 levels left

rFire    + . .     SeeInvis .   a - +5 great mace (crush)
rCold    . . .     Gourm    .   (shield currently unavailable)
rNeg     . . .     Faith    .   (armour unavailable)
rPois    .         Spirit   .   (helmet restricted)
rElec    .         Reflect  .   (no cloak)
rCorr    .         Harm     .   (no gloves)
MR       .....     NoTele   +   (no boots)
Stlth    ..........             (no amulet)
HPRegen  0.36/turn              q - +3 ring of intelligence
MPRegen  0.12/turn              r - +3 ring of strength

@: berserking, very quick
A: breathe fire, unfitting armour, fire resistance 1, cold-blooded, AC +7
a: Breathe Fire, Berserk, Trog's Hand, Brothers in Arms, Burn Spellbooks,
Renounce Religion


You were in the Dungeon.
You worshipped Trog.
Trog was extremely pleased with you.
You were hungry.

You visited 1 branch

Inventory:

Hand Weapons
 a - a +5 great mace of crushing (weapon)
 x - the +7 glaive of Woe {holy, rC+}
   (Trog gifted it to you in the Dungeon)

   It has been blessed by the Shining One to cause great damage to the undead
   and demons.
   It protects you from cold.
Missiles
 o - 7 needles of sleeping
 t - 2 silver tomahawks (quivered)
 y - 7 javelins of penetration
 A - 8 poisoned tomahawks
Jewellery
 q - a +3 ring of intelligence (left hand)
 r - a +3 ring of strength (right hand)
Scrolls
 h - a scroll of blinking
 j - 3 scrolls of remove curse
 k - a scroll of summoning
Potions
 c - 7 potions of curing
 d - 6 potions of heal wounds
 e - a potion of haste
 f - 4 potions of magic
 g - 3 potions of berserk rage
 i - 2 potions of invisibility
 p - a potion of degeneration {unknown}
 s - 4 potions of might
 u - 2 potions of agility
 v - a potion of brilliance
 w - a potion of resistance
Comestibles
 b - 8 bread rations
 l - 40 fruits
 m - 7 meat rations
 n - 8 chunks of flesh


   Skills:
 * Level 14.3 Fighting
 * Level 13.3 Maces & Flails
 + Level 9.0 Throwing
 * Level 12.4 Dodging


You had 9 spell levels left.
You didn't know any spells.

Dungeon Overview and Level Annotations

Branches:
Dungeon (1/1)

Altars:
Ashenzari
Cheibriados
Dithmenos
Elyvilon
Fedhas
Gozag
Hepliaklqana
Kikubaaqudgha
Makhleb
Nemelex Xobeh
Okawaru
Qazlal
Ru
Sif Muna
Trog
Uskayaw
Vehumet
Wu Jian
Xom
Yredelemnul
Zin
The Shining One
Beogh
Jiyva
Lugonu


Innate Abilities, Weirdness & Mutations

You can breathe blasts of fire.
Your fiery red scales are hard. (AC +7)
You cannot fit into any form of body armour.
Your flesh is heat resistant. (rF+)
You are cold-blooded and may be slowed by cold attacks.


Message History

* * * LOW HITPOINT WARNING * * *
The harpy closely misses you. The harpy completely misses you.
The harpy closely misses you. The harpy misses you.
You hear a bark!
You bludgeon the harpy!!
You kill the harpy!
Trog accepts your kill.
Your Throwing skill increases to level 9!
The harpy claws your ogre! x2; The harpy claws you.
* * * LOW HITPOINT WARNING * * *
The harpy claws you.
* * * LOW HITPOINT WARNING * * *
Your ogre barely misses the harpy.
The harpy claws your ogre!!
Your ogre dies!
Your ogre's corpse disappears in a puff of smoke!
Unknown command.
You bludgeon the harpy!!
The harpy is severely wounded.
The harpy barely misses you. The harpy closely misses you. The harpy claws you!
You die...

.##..# ##)).)).###...##
.##..###..#+#÷........#
.##..##..##.##.....#...#
.##..##)##...##...## ..#
.##..####.....##.## .#
.##...##[.....#...# .#
###....'......+...+ +
###..)##......#...#
[##..####.....##@##
[##..##.##...##HH§#
)##..##..##.##.....#
)##..###..#+#.........
)##..# ##).....###...##
###### ######## ####


You could see 2 harpies.

Vanquished Creatures
  An unseen horror (D)
  2 harpies (D)
  An elephant (D)
  Psyche (D)
  A red devil (D)
  A spriggan (D)
  A floating eye (D)
  A black bear (D)
  A phantom (D)
  A necrophage (D)
  A wolf (D)
  A crimson imp (D)
  An orc wizard (D)
  Terence (D)
  A hell rat (D)
  A worker ant (D)
  A river rat (D)
  A white imp (D)
  An adder skeleton (D)
  A worm (D)
  A leopard gecko (D)
  An orc (D)
  A bat (D)
  A giant cockroach (D)
  4 jackals (D)
  A ball python (D)
  A jackal skeleton (D)
  A kobold (D)
  A rat (D)
33 creatures vanquished.

Vanquished Creatures (collateral kills)
  An anaconda (D)
  An orc high priest (D)
  An unseen horror (D)
  An orc knight (D)
  2 orc sorcerers (D)
  A rime drake (D)
  A bog body (D)
  A flying skull (D)
  6 orc warriors (D)
  An ogre (D)
  An eye of draining (D)
  A black bear (D)
  A centaur (D)
  3 killer bees (D)
  2 orc priests (D)
  An iguana (D)
  A white imp (D)
  2 orcs (D)
28 creatures vanquished.

Grand Total: 61 creatures vanquished

Notes
Turn   | Place    | Note
-------+----------+-------------------------------------------
     0 | D        | Kidiri the Draconian Berserker began the quest for the Orb.
     0 | D        | Reached XP level 1. HP: 19/19 MP: 1/1
    19 | D        | Reached skill level 4 in Fighting
    19 | D        | Reached skill level 1 in Throwing
    19 | D        | Reached XP level 2. HP: 24/27 MP: 2/2
    55 | D        | Found a bloodstained altar of Trog.
    55 | D        | Found a deep blue altar of Sif Muna.
    55 | D        | Found a viscous altar of Jiyva.
    55 | D        | Found a hazy altar of Hepliaklqana.
    55 | D        | Found an opulent altar of Gozag.
    56 | D        | Found a glowing golden altar of the Shining One.
    56 | D        | Found a glowing silver altar of Zin.
    56 | D        | Found a basalt altar of Yredelemnul.
    56 | D        | Found a shimmering altar of Xom.
    56 | D        | Found an ornate altar of the Wu Jian Council.
    56 | D        | Found a sacrificial altar of Ru.
    56 | D        | Found a stormy altar of Qazlal.
    56 | D        | Found an iron altar of Okawaru.
    56 | D        | Found a sparkling altar of Nemelex Xobeh.
    56 | D        | Found a burning altar of Makhleb.
    56 | D        | Found a blossoming altar of Fedhas.
    56 | D        | Found a white marble altar of Elyvilon.
    56 | D        | Found a shadowy altar of Dithmenos.
    56 | D        | Found a snail-covered altar of Cheibriados.
    58 | D        | Found a radiant altar of Vehumet.
    58 | D        | Found a corrupted altar of Lugonu.
    58 | D        | Found a roughly hewn altar of Beogh.
    59 | D        | Found a hide-covered altar of Uskayaw.
    59 | D        | Found an ancient bone altar of Kikubaaqudgha.
    59 | D        | Found a shattered altar of Ashenzari.
    84 | D        | Reached ** piety under Trog
    84 | D        | Reached XP level 3. HP: 35/35 MP: 3/3
    87 | D        | Reached skill level 5 in Fighting
   138 | D        | Reached *** piety under Trog
   169 | D        | Noticed a wolf
   181 | D        | Killed a wolf
   181 | D        | Reached skill level 6 in Fighting
   181 | D        | Reached skill level 5 in Maces & Flails
   181 | D        | Reached skill level 5 in Dodging
   181 | D        | Reached XP level 4. HP: 41/45 MP: 4/4
   184 | D        | Reached **** piety under Trog
   281 | D        | Noticed a floating eye
   282 | D        | Noticed a black bear
   283 | D        | Noticed a necrophage
   285 | D        | Killed a black bear
   285 | D        | Reached skill level 7 in Fighting
   285 | D        | Reached XP level 5. HP: 52/52 MP: 5/5
   288 | D        | Killed a floating eye
   288 | D        | Reached skill level 8 in Fighting
   288 | D        | Reached XP level 6. HP: 62/62 MP: 6/6
   290 | D        | Reached ***** piety under Trog
   294 | D        | Reached skill level 9 in Fighting
   329 | D        | Reached skill level 5 in Throwing
   340 | D        | Received a gift from Trog
   346 | D        | Noticed Terence
   354 | D        | Killed Terence
   364 | D        | Your scales start taking on a fiery red colour.
   364 | D        | Reached XP level 7. HP: 70/70 MP: 7/7
   364 | D        | Gained mutation: Your flesh is heat resistant. (rF+) [Red Draconian growth]
   394 | D        | Killed an unseen horror
   394 | D        | Reached skill level 10 in Fighting
   395 | D        | Received a gift from Trog
   397 | D        | Received a gift from Trog
   641 | D        | Noticed Psyche
   642 | D        | Noticed an elephant
   652 | D        | Killed Psyche
   652 | D        | Reached skill level 11 in Fighting
   652 | D        | Reached skill level 10 in Maces & Flails
   652 | D        | Reached XP level 8. HP: 82/82 MP: 8/8
   653 | D        | Killed an elephant
   653 | D        | Reached skill level 10 in Dodging
   719 | D        | Noticed an orc knight
   719 | D        | Noticed an orc sorcerer
   719 | D        | Noticed an orc high priest
   719 | D        | Noticed an orc sorcerer
   719 | D        | Noticed a bog body
   720 | D        | Noticed an orange demon
   720 | D        | Noticed a rust devil
   721 | D        | Noticed a soul eater
   723 | D        | Noticed a rust devil
   730 | D        | Noticed an orange demon
   730 | D        | Killed an orc sorcerer
   734 | D        | Killed an orc knight
   734 | D        | Received a gift from Trog
   734 | D        | Reached skill level 12 in Fighting
   734 | D        | Reached XP level 9. HP: 81/90 MP: 9/9
   735 | D        | Killed an orc sorcerer
   737 | D        | Killed an orc high priest
   740 | D        | Received a gift from Trog
   744 | D        | Reached skill level 13 in Fighting
   747 | D        | Got a transparent glaive {god gift}
   749 | D        | Identified the +7 glaive of Woe {holy, rC+} (Trog gifted it to you in the Dungeon)
   806 | D        | Noticed a rime drake
   810 | D        | Killed a rime drake
   813 | D        | Received a gift from Trog
   838 | D        | Killed an unseen horror
   985 | D        | Noticed a red devil
   987 | D        | Received a gift from Trog
   990 | D        | Killed a red devil
   990 | D        | Reached XP level 10. HP: 91/101 MP: 4/10
   999 | D        | Noticed an anaconda
  1003 | D        | Killed an anaconda
  1003 | D        | Received a gift from Trog
  1062 | D        | Noticed a harpy
  1063 | D        | Noticed a harpy
  1064 | D        | Noticed a harpy
  1065 | D        | Noticed a harpy
  1071 | D        | Killed a harpy
  1071 | D        | Reached skill level 14 in Fighting
  1073 | D        | Killed a harpy
  1073 | D        | HP: 7/156 [harpy (1)]
  1073 | D        | HP: 1/156 [harpy (6)]
  1074 | D        | Mangled by a harpy

Vault maps used:
D:        pitsprint

Skill      XL: |  1  2  3  4  5  6  7  8  9 10 |
---------------+-------------------------------+-----
Fighting       | 4 6 7 8 9 11 12 13 14 | 14.3
Throwing       | 1 3 4 5 6 7 8 9 |  9.0
Dodging        | 3 4 5 6 7 8 9 10 11 12 | 12.4
Maces & Flails | 4 5 6 7 8 10 11 12 13 | 13.3

Action                   |  1- 3 |  4- 6 |  7- 9 | 10-12 || total
-------------------------+-------+-------+-------+-------++-------
Melee: Mace              |    29 |     6 |       |       ||    35
       Tailslap          |     4 |     4 |       |     3 ||    11
       Flail             |       |    24 |     1 |       ||    25
       Morningstar       |       |       |     6 |       ||     6
       Great mace        |       |       |     6 |     9 ||    15
Throw: Tomahawk          |       |       |     2 |       ||     2
Invok: Berserk           |     2 |     2 |     2 |     1 ||     7
       Trog's Hand       |       |     1 |     2 |       ||     3
       Brothers in Arms  |       |       |     5 |     1 ||     6
 Abil: Breathe Fire      |       |       |     3 |       ||     3
  Eat: Chunk             |       |     1 |     8 |     1 ||    10
Armor: Skin              |     3 |     4 |     3 |     2 ||    12
Dodge: Dodged            |    24 |    13 |    22 |    48 ||   107

Table legend:
 A = Spawn XP
 B = Non-spawn XP
 C = Spawn XP percentage of total XP
 D = Spawn monster count
 E = Non-spawn monster count
 F = Spawn count percentage of total count
 G = Total turns spent on level
                    A         B        C        D         E        F      G
               +---------+---------+-------+---------+---------+-------+---------
         Total |       0 |    7746 |   0.0 |       0 |      61 |   0.0 |  1074
               +---------+---------+-------+---------+---------+-------+---------
             D |       0 |    7746 |   0.0 |       0 |      61 |   0.0 |  1074
               +---------+---------+-------+---------+---------+-------+---------
